 Dungeon Crawl Stone Soup version 0.23.2-1-ga50397a (webtiles) character file.

Game seed: 5774939061473328413

74 Wander the Poker (level 4, -5/33 HPs)
             Began as a Human Wanderer on May 3, 2019.
             Was an Initiate of Yredelemnul.
             Slain by a wight
             ... wielding a cursed +0 scimitar
              (12 damage)
             ... on level 3 of the Dungeon.
             The game lasted 00:03:49 (1694 turns).

Wander the Poker (Human Wanderer)                   Turns: 1694, Time: 00:03:51

Health: -5/33      AC:  5    Str: 14    XL:     4   Next: 52%
Magic:  4/4        EV:  8    Int: 11    God:    Yredelemnul [......]
Gold:   96         SH:  7    Dex: 13    Spells: 3/3 levels left

rFire    . . .     SeeInvis .   a - +0 spear
rCold    . . .     Gourm    .   b - +0 shield
rNeg     . . .     Faith    .   e - +0 ring mail
rPois    .         Spirit   .   (no helmet)
rElec    .         Reflect  .   (no cloak)
rCorr    .         Harm     .   (no gloves)
MR       .....                  (no boots)
Stlth    +.........             (no amulet)
HPRegen  0.11/turn              (no ring)
MPRegen  0.09/turn              (no ring)

@: drained
A: no striking features
a: Renounce Religion


You were on level 3 of the Dungeon.
You worshipped Yredelemnul.
Yredelemnul was noncommittal.
You were not hungry.

You visited 1 branch of the dungeon, and saw 3 of its levels.

You collected 96 gold pieces.

Inventory:

Hand Weapons
 a - a +0 spear (weapon)
 g - a +1 dagger of venom
Armour
 b - a +0 shield (worn)
 d - a +0 robe
 e - a +0 ring mail (worn)
Scrolls
 i - 2 scrolls of random uselessness {unknown}
 j - 2 scrolls of identify {unknown}
 k - a scroll of immolation {unknown}
 n - 2 scrolls of amnesia {unknown}
 o - 2 scrolls of teleportation {unknown}
 p - a scroll of remove curse {unknown}
Potions
 c - a potion of lignification
 h - 2 potions of curing {unknown}
 l - 3 potions of berserk rage {unknown}
 m - a potion of brilliance {unknown}
 r - a potion of ambrosia {unknown}
Comestibles
 f - 3 rations


   Skills:
 - Level 2.0(1.2) Fighting
   Level 1.0(0.2) Long Blades
 + Level 4.0(3.1) Polearms
 + Level 1.0(0.2) Armour
 - Level 3.0(2.1) Dodging
 - Level 0.2(0.0) Stealth
 + Level 1.4(0.6) Shields
   Level 1.0(0.2) Evocations


You had 3 spell levels left.
You didn't know any spells.
Your spell library was empty.

Dungeon Overview and Level Annotations

Branches:
Dungeon (3/15)

Altars:
Sif Muna
Wu Jian
Yredelemnul


Message History

Yredelemnul says: Carry the black torch!
Rouse the idle dead!
Press ? for a list of commands and other information.
Done exploring.
You don't know any spells.
Your library has no spells.
Done exploring.
You start resting.
Eating a chunk of flesh.
You eat the chunk of flesh.
This raw flesh tastes terrible.
HP restored.
Done exploring.
Done exploring.
You climb downwards.
You block the bat's attack. x2
The wight hits you with a +4 battleaxe!
You feel drained.
The wight hits you with a cursed +0 scimitar.
The wight hits you with a +4 battleaxe!
* * * LOW HITPOINT WARNING * * *
The wight hits you with a cursed +0 scimitar!
You die...
Your body rises from the dead as a mindless zombie.

# .# ###.#
#### ....#
###...#....#
+......z...+
#)b!.@z...#
#.......z.#
#............
#.........##.
#........##
#.........
#........##
.........#


You could see 3 wights and a bat.

Vanquished Creatures
  2 adders (D:2)
  An ooze (D:1)
  3 worms
  2 dart slugs
  2 bats
  4 giant cockroaches
  9 goblins
  3 hobgoblins
  2 jackals (D:1)
  2 kobolds
  A quokka (D:2)
  3 frilled lizards
  4 rats
38 creatures vanquished.

Notes
Turn   | Place    | Note
-------+----------+-------------------------------------------
     0 | D:1      | Wander the Human Wanderer began the quest for the Orb.
     0 | D:1      | Wander set off with the following items: a +0 spear, a +0
                  | shield, a potion of lignification, a +0 robe, a ration
     0 | D:1      | Reached XP level 1. HP: 16/16 MP: 1/1
   295 | D:1      | Reached XP level 2. HP: 22/22 MP: 2/2
   483 | D:1      | Reached skill level 3 in Polearms
   498 | D:1      | Reached XP level 3. HP: 25/27 MP: 3/3
   950 | D:2      | Found a basalt altar of Yredelemnul.
   950 | D:2      | Found an ornate altar of the Wu Jian Council.
   950 | D:2      | Found a deep blue altar of Sif Muna.
   971 | D:2      | Became a worshipper of Yredelemnul the Dark
   977 | D:2      | Reached XP level 4. HP: 26/33 MP: 4/4
  1435 | D:2      | Reached skill level 4 in Polearms
  1459 | D:2      | Reached skill level 1 in Armour
  1694 | D:3      | Slain by a wight

Skill      XL: |  1  2  3  4 |
---------------+-------------+-----
Polearms       | 3 4 |  4.0
Armour         | 1 |  1.0
Fighting       | |  2.0
Long Blades    | |  1.0
Dodging        | |  3.0
Stealth        | |  0.2
Shields        | |  1.4
Evocations     | |  1.0

Action                   |  1- 3 |  4- 6 || total
-------------------------+-------+-------++-------
Melee: Spear             |   130 |    71 ||   201
  Eat: Chunk             |       |     3 ||     3
Armor: Robe              |     1 |       ||     1
       Ring mail         |    36 |     8 ||    44
Dodge: Dodged            |    41 |    13 ||    54
Block: Shield            |    43 |    10 ||    53
